 Dungeon Crawl Stone Soup version 0.26.0-20-g3ca415f5b8 (webtiles) character file.

Game seed: 16246580670009225832

156 zcampers the Chopper (level 5, -8/47 HPs)
             Began as a Hill Orc Berserker on Jan 25, 2021.
             Was a Believer of Trog.
             Mangled by an orc warrior
             ... wielding a +0 glaive
              (11 damage)
             ... on level 3 of the Dungeon.
             The game lasted 00:03:33 (3553 turns).

zcampers the Chopper (Hill Orc Berserker)           Turns: 3553, Time: 00:03:34

Health: -8/47      AC:  8    Str: 20    XL:     5   Next: 37%
Magic:  5/5        EV: 10    Int:  8    God:    Trog [**....]
Gold:   119        SH:  0    Dex: 10    Spells: 4/4 levels left

rFire    . . .     SeeInvis .   p - +2 whip (elec)
rCold    . . .     Faith    .   (no shield)
rNeg     . . .     Spirit   .   l - +0 scale mail
rPois    .         Reflect  .   (no helmet)
rElec    .         Harm     .   (no cloak)
rCorr    .         Rampage  .   e - +0 pair of gloves
Will     ++...                  (no boots)
Stlth    ..........             (no amulet)
HPRegen  1.15/turn              (no ring)
MPRegen  0.09/turn              (no ring)

@: regenerating
A: no striking features
a: Renounce Religion, Berserk, Trog's Hand


You were on level 3 of the Dungeon.
You worshipped Trog.
Trog was pleased with you.
You visited 1 branch of the dungeon, and saw 3 of its levels.

You collected 119 gold pieces.

Inventory:

Hand Weapons
 a - a +0 hand axe
 p - a +2 whip of electrocution (weapon)
Armour
 e - a +0 pair of gloves (worn)
 l - a +0 scale mail (worn)
Scrolls
 b - a scroll of fog {unknown}
 g - 2 scrolls of remove curse
 i - a scroll of teleportation
 k - a scroll of identify
 o - a scroll of immolation {unknown}
 q - a scroll of amnesia {unknown}
Potions
 c - a potion of might {unknown}
 d - a potion of invisibility {unknown}
 f - a potion of brilliance
 h - a potion of degeneration {unknown}
 j - a potion of heal wounds {unknown}
 m - a potion of mutation {unknown}
 n - 2 potions of curing {unknown}
 r - a potion of resistance {unknown}


   Skills:
 + Level 4.7 Fighting
 + Level 5.2 Axes
 + Level 3.4 Armour
 + Level 2.5 Dodging


You had 4 spell levels left.
You didn't know any spells.
Your spell library was empty.

Dungeon Overview and Level Annotations

Branches:
Dungeon (3/15)

Altars:
Cheibriados


Message History

There is a stone staircase leading down here.
Your skin crawls.
You feel strong-willed.
Okay, then.
You climb downwards.
The orc warrior hits you from afar with a +0 glaive.
There is a stone staircase leading up, spattered with blood here.
You closely miss the orc wizard.
The orc wizard points at you and mumbles some strange words.
The magic dart hits you!
The orc warrior hits you from afar with a +0 glaive!!
* * * LOW HITPOINT WARNING * * *
You whack the orc wizard!
The orc wizard is severely wounded.
The orc wizard closely misses you.
The orc wizard hits you but does no damage.
You barely miss the orc wizard.
The orc wizard is severely wounded.
The orc warrior hits you from afar with a +0 glaive!
You die...

#####.#.#.##.# #.......#
###.# #####........#
#.......# .
.....##......#######.....##
####.####.#.............##
# #......#..###..####.## #
########..###..####.# #
#..#..o....#.########## #
##..#.#..##.....o..g.... #
#......@o##.....####.... #
#.......o.......# #..#. #
#..##..#.##.....# #....
#..#...#.##.....# #...#
#<.#.#.#.##.....####...#
#..#.#.#.####.......^...
#........# ....######[#
###...#### #.... #.....#
#....


You could see an orc warrior, an orc wizard (fast) and an orc.

Vanquished Creatures
  Robin (D:2)
  3 gnolls (D:3)
  4 adders
  An ooze (D:2)
  2 worms (D:3)
  2 dart slugs (D:2)
  2 orcs (D:2)
  6 bats
  A giant cockroach (D:2)
  7 hobgoblins
  4 jackals (D:1)
  9 kobolds
  2 quokkas
  A ball python (D:1)
  4 frilled lizards
  13 goblins
  3 rats
65 creatures vanquished.

Notes
Turn   | Place    | Note
-------+----------+-------------------------------------------
     0 | D:1      | zcampers the Hill Orc Berserker began the quest for the
                  | Orb.
     0 | D:1      | Reached XP level 1. HP: 19/19 MP: 1/1
   388 | D:1      | Reached XP level 2. HP: 21/27 MP: 2/2
  1001 | D:1      | Reached XP level 3. HP: 33/33 MP: 3/3
  1802 | D:2      | Found a snail-covered altar of Cheibriados.
  1818 | D:2      | Reached XP level 4. HP: 40/40 MP: 4/4
  1821 | D:2      | Noticed Robin
  1830 | D:2      | Reached ** piety under Trog
  1834 | D:2      | Killed Robin
  2701 | D:3      | Reached skill level 5 in Axes
  2918 | D:3      | Reached XP level 5. HP: 30/47 MP: 5/5
  3102 | D:3      | Noticed an orc warrior
  3551 | D:3      | HP: 1/47 [orc warrior/+0 glaive (23)]
  3553 | D:3      | Mangled by an orc warrior

Illustrated notes

Levels and vault maps discovered:
D:1:      dpeg_arrival_water_fire, layout_basic
D:2:      layout_rooms, kennysheep_slug_shrine, serial_glass, glass_columns_a,
          glass_columns_a, feat_on_display, minmay_strange_pillars,
          due_unseen_surprise, minmay_strange_pillars, uniq_robin
D:3:      cheibrodos_helix_gallery, layout_loops_cross, minmay_fountain_box

Skill      XL: |  1  2  3  4 |
---------------+-------------+-----
Dodging        | 2 |  2.5
Fighting       | 4 |  4.7
Armour         | 3 |  3.4
Axes           | 5 |  5.2

Action                   |  1- 3 |  4- 6 || total
-------------------------+-------+-------++-------
Melee: Hand axe          |    98 |    89 ||   187
       Whip              |       |    12 ||    12
Invok: Berserk           |     1 |     2 ||     3
       Trog's Hand       |       |     3 ||     3
  Use: Potion            |     3 |     1 ||     4
       Scroll            |     3 |       ||     3
Armor: Animal skin       |    19 |       ||    19
       Ring mail         |    10 |       ||    10
       Scale mail        |     3 |    75 ||    78
Dodge: Dodged            |    72 |    81 ||   153
